 Dungeon Crawl Stone Soup version 0.26.0-5-gb5863c6483 (webtiles) character file.

Game seed: 10080319254026923025

4127 Delamore the Basher (level 10, -15/59 HPs)
             Began as a Gargoyle Fighter on Jan 10, 2021.
             Was a Believer of Okawaru.
             Demolished by an orc knight
             ... wielding a +0 halberd
              (30 damage)
             ... in a bailey.
             The game lasted 00:10:22 (9390 turns).

Delamore the Basher (Gargoyle Fighter)              Turns: 9390, Time: 00:10:23

Health: -15/59     AC: 18    Str: 23    XL:     10   Next: 27%
Magic:  10/10      EV:  6    Int:  9    God:    Okawaru [**....]
Gold:   346        SH: 10    Dex:  9    Spells: 9/9 levels left

rFire    + . .     SeeInvis .   J - +3 whip
rCold    + . .     Faith    .   c - +0 kite shield
rNeg     + . .     Spirit   .   v - +0 chain mail
rPois    ∞         Reflect  .   C - +1 helmet
rElec    +         Harm     .   (no cloak)
rCorr    .         Rampage  .   (no gloves)
Will     .....                  (no boots)
Stlth    ..........             (no amulet)
HPRegen  0.19/turn              u - ring of protection from fire
MPRegen  0.12/turn              r - ring of protection from cold

@: no status effects
A: negative energy resistance 1, electricity resistance, unbreathing,
petrification resistance, miasma immunity, AC +7
a: Renounce Religion, Heroism


You were in a bailey.
You worshipped Okawaru.
Okawaru was pleased with you.
You visited 2 branches of the dungeon, and saw 10 of its levels.
You also visited: Bailey.

You collected 346 gold pieces.

Inventory:

Hand Weapons
 a - a +0 flail
 J - a +3 whip (weapon)
Missiles
 A - 25 poisoned darts (quivered)
Armour
 b - a +0 scale mail
 c - a +0 kite shield (worn)
 v - a +0 chain mail (worn)
 z - a +0 plate armour
 C - a +1 helmet (worn)
Jewellery
 r - a ring of protection from cold (right hand)
 u - a ring of protection from fire (left hand)
Wands
 w - a wand of iceblast (19)
 y - a wand of acid (5)
 F - a wand of random effects (9)
 G - a wand of enslavement (10)
 I - a wand of polymorph (5)
Scrolls
 e - a scroll of fog {unknown}
 f - 2 scrolls of enchant armour
 g - 3 scrolls of immolation
 h - 6 scrolls of teleportation
 i - a scroll of amnesia
 m - 3 scrolls of remove curse {unknown}
 q - a scroll of random uselessness
 s - a scroll of magic mapping {unknown}
 t - 4 scrolls of enchant weapon
 E - a scroll of identify
 H - a scroll of vulnerability {unknown}
Potions
 d - a potion of might
 j - 3 potions of curing
 k - 2 potions of attraction
 l - 2 potions of haste {unknown}
 n - a potion of magic {unknown}
 o - 2 potions of degeneration {unknown}
 p - a potion of mutation {unknown}
 x - a potion of resistance {unknown}
 B - a potion of ambrosia {unknown}
 D - a potion of cancellation {unknown}


   Skills:
 - Level 5.0 Fighting
 + Level 13.3 Maces & Flails
 - Level 3.5 Armour
 - Level 5.0 Shields


You had 9 spell levels left.
You didn't know any spells.
Your spell library contained the following spells:

 Spells                   Type           Power        Failure   Level
 Beastly Appendage        Tmut           0%           100%        1
 Corona                   Hex            0%           100%        1
 Poisonous Vapours        Pois/Air       0%           100%        2
 Slow                     Hex            0%           100%        2
 Wereblood                Tmut           0%           100%        2
 Confusing Touch          Hex            0%           100%        3
 Conjure Flame            Conj/Fire      0%           100%        3
 Gell's Gravitas          Tloc           0%           100%        3
 Inner Flame              Hex/Fire       0%           100%        3
 Mephitic Cloud           Conj/Pois/Air  0%           100%        3
 Portal Projectile        Hex/Tloc       0%           100%        3
 Spider Form              Tmut/Pois      0%           100%        3
 Cause Fear               Hex            0%           100%        4
 Ice Form                 Ice/Tmut       0%           100%        4
 Leda's Liquefaction      Hex/Erth       0%           100%        4
 Petrify                  Tmut/Erth      0%           100%        4
 Blade Hands              Tmut           0%           100%        5
 Metabolic Englaciation   Hex/Ice        0%           100%        5
 Yara's Violent Unravell  Hex/Tmut       0%           100%        5
 Freezing Cloud           Conj/Ice/Air   0%           100%        6


Dungeon Overview and Level Annotations

Branches:
Dungeon (9/15)             Temple (1/1) D:6          Bailey (1/1)
   Lair: D:8-11         Orc: D:9-12

Altars:
Ashenzari
Cheibriados
Dithmenos
Elyvilon
Fedhas
Hepliaklqana
Kikubaaqudgha
Makhleb
Nemelex Xobeh
Okawaru
Qazlal
Ru
Sif Muna
Trog
Uskayaw
Vehumet
Wu Jian
Xom
Yredelemnul
Zin
The Shining One

Shops:
D:8 (

Annotations:
D:6 exclusion: oklob plant
D:7 3 runed translucent doors, DerHolg's ghost, novice TrHu


Innate Abilities, Weirdness & Mutations

You are resistant to torment.
Your stone body is resilient. (AC +7)
You are immune to poison.
You resist negative energy. (rN+)
You are resistant to electric shocks. (rElec)
You can survive without breathing.
You are immune to petrification.
You are immune to miasma.


Message History

The orc knight roars a battlecry!
The orcs go into a battle-frenzy!
There is an open door here.
The orc knight hits you from afar with a +3 glaive!
The orc knight roars a battlecry!
The orc knight goes into a battle-frenzy!
You block the orc knight's attack. You block the orc warrior's attack.
The orc knight hits you from afar with a +3 glaive!!
The orc knight hits you but does no damage.
The orc knight hits you from afar with a +3 glaive!
The orc knight barely misses you.
You open the door.
The orc knight hits you from afar with a +0 trident.
* * * LOW HITPOINT WARNING * * *
The orc knight hits you from afar with a +3 glaive.
* * * LOW HITPOINT WARNING * * *
The orc knight hits you from afar with a +0 halberd!!
Ouch! That really hurt!
You die...

##.........## ####
##..≈≈≈≈≈≈≈..#######..∩
##..≈≈...))≈≈...##...###
##########..≈≈..###))≈..##.######
#..........≈≈..##.##...##........
#.≈≈≈≈≈≈≈≈≈≈..## }[#######≈≈≈≈≈≈≈
#.≈..........## ... #####..≈
#.≈.#############'#############.≈
#.≈.##.....##...@.....##.$$$.##.≈
#.≈.)##...+#..§§§≈≈§≈..# ##..≈
#.≈≈).##.##..≈≈ooo..≈≈.. ##..≈≈
##.≈≈..#+#..≈≈.oo⌠...≈≈. #..≈≈.
#∩.≈≈..# #..§≈..⌠∩⌠.§§≈. #..≈≈.
#.≈≈..## ##..≈§....§≈≈.. ##..≈≈
#.≈..## ##..≈≈§§≈§§..+ ##..≈
#.≈.## ##.........## ##.≈
#.≈.#########'###+#############.≈


You could see 3 orc knights and 2 orc warriors.

Vanquished Creatures
  Erica (D:8)
  A hornet (D:8)
  Grinder (D:4)
  Duvessa (D:4)
  A sky beast (D:5)
  2 necrophages
  5 orc warriors
  A black bear (D:8)
  An ice beast (D:6)
  3 ogres
  A big kobold (D:5)
  3 bullfrogs
  Dowan (D:4)
  A scorpion (D:6)
  3 killer bees (D:8)
  2 howler monkeys
  A bullfrog zombie (D:8)
  2 quasits (D:8)
  A centaur skeleton (D:7)
  A jelly (D:7)
  4 hounds
  2 bullfrog skeletons
  7 orc priests
  An iguana (D:8)
  3 worker ants
  10 orc wizards
  A worker ant zombie (D:5)
  3 gnolls (D:5)
  10 adders
  A howler monkey skeleton (D:4)
  A white imp (D:5)
  An ufetubus (D:8)
  An ooze (D:3)
  An adder zombie (D:5)
  A dart slug (D:4)
  7 leopard geckos
  41 orcs
  3 ball pythons
  5 bats
  13 giant cockroaches
  3 goblins (D:3)
  6 hobgoblins
  10 jackals
  8 kobolds
  5 quokkas
  2 frilled lizards
  A leopard gecko skeleton (D:6)
  3 rats
187 creatures vanquished.

Vanquished Creatures (others)
  14 toadstools (D:6)
14 creatures vanquished.

Grand Total: 201 creatures vanquished

Notes
Turn   | Place    | Note
-------+----------+-------------------------------------------
     0 | D:1      | Delamore the Gargoyle Fighter began the quest for the Orb.
     0 | D:1      | Reached XP level 1. HP: 14/14 MP: 1/1
    82 | D:1      | Reached XP level 2. HP: 19/19 MP: 2/2
   113 | D:1      | You fall into a shaft and drop 1 floor!
   438 | D:2      | Reached XP level 3. HP: 22/24 MP: 3/3
  1142 | D:3      | Reached XP level 4. HP: 29/29 MP: 4/4
  1702 | D:4      | Noticed Grinder
  1705 | D:4      | Paralysed by Grinder for 5 turns
  1717 | D:4      | Killed Grinder
  1718 | D:4      | Reached skill level 5 in Fighting
  1718 | D:4      | Reached skill level 3 in Maces & Flails
  1718 | D:4      | Reached skill level 5 in Shields
  1718 | D:4      | Reached XP level 5. HP: 15/35 MP: 5/5
  1718 | D:4      | Reached XP level 6. HP: 18/40 MP: 6/6
  1956 | D:4      | Noticed Dowan
  1958 | D:4      | Noticed Duvessa
  2126 | D:4      | Reached skill level 4 in Maces & Flails
  2645 | D:4      | Found a sparkling altar of Nemelex Xobeh.
  2925 | D:4      | Killed Duvessa
  2926 | D:4      | Reached skill level 5 in Maces & Flails
  2926 | D:4      | Reached XP level 7. HP: 19/44 MP: 7/7
  2934 | D:4      | Killed Dowan
  3136 | D:4      | Found a burning altar of Makhleb.
  3183 | D:5      | Entered Level 5 of the Dungeon
  3466 | D:4      | Reached skill level 6 in Maces & Flails
  4118 | D:5      | Found a sacrificial altar of Ru.
  4265 | D:5      | Reached skill level 7 in Maces & Flails
  4581 | D:6      | Reached XP level 8. HP: 49/49 MP: 8/8
  4688 | D:6      | Found a hide-covered altar of Uskayaw.
  4690 | D:6      | Found a glowing golden altar of the Shining One.
  4692 | D:6      | Found a bloodstained altar of Trog.
  4736 | D:6      | Reached skill level 8 in Maces & Flails
  5279 | D:6      | Found a blossoming altar of Fedhas.
  5296 | D:6      | Noticed an oklob plant
  5450 | D:6      | Reached skill level 9 in Maces & Flails
  5696 | D:6      | Found an ancient bone altar of Kikubaaqudgha.
  5766 | D:6      | Found a staircase to the Ecumenical Temple.
  5775 | Temple   | Entered the Ecumenical Temple
  5964 | Temple   | Became a worshipper of Warmaster Okawaru
  6372 | D:6      | Reached skill level 10 in Maces & Flails
  6616 | D:7      | Reached XP level 9. HP: 51/54 MP: 9/9
  6623 | D:7      | Found a runed translucent gate.
  6623 | D:7      | Found a runed translucent gate.
  6623 | D:7      | Found a runed translucent gate.
  6681 | D:7      | Noticed DerHolg's ghost (novice TrHu)
  7341 | D:7      | Reached * piety under Okawaru
  7359 | D:7      | Reached skill level 11 in Maces & Flails
  8017 | D:8      | Noticed a hornet
  8029 | D:8      | Killed a hornet
  8030 | D:8      | Reached skill level 12 in Maces & Flails
  8063 | D:8      | Reached ** piety under Okawaru
  8294 | D:8      | Found a broken altar of Ashenzari.
  8606 | D:8      | Reached XP level 10. HP: 42/59 MP: 10/10
  8841 | D:8      | Found Jacha's Weapon Boutique.
  8877 | D:8      | Noticed Erica
  8895 | D:8      | Killed Erica
  8896 | D:8      | Reached skill level 13 in Maces & Flails
  9033 | D:9      | Found a flagged portal.
  9091 | Bailey   | Entered a bailey
  9188 | Bailey   | Noticed an orc knight
  9308 | Bailey   | Noticed an orc knight
  9311 | Bailey   | Noticed an orc knight
  9311 | Bailey   | Noticed an orc knight
  9390 | Bailey   | Demolished by an orc knight

Illustrated notes

Levels and vault maps discovered:
D:1:      minmay_arrival_nine_rooms, layout_rooms, st_stairs_10
D:2:      minmay_roachtagon, layout_basic
D:3:      layout_basic
D:4:      layout_basic, nicolae_overflow_crystal_walls, lemuel_doored_altar,
          uniq_grinder, uniq_duvessa
D:5:      cheibrodos_thug_alley, layout_rooms, lemuel_round_altar,
          hangedman_decor_opposing
D:6:      layout_basic, tgw_fedhas, kennysheep_mini, grunt_temple_overflow_open,
          lemuel_temple_firewalk_a
D:7:      layout_cave_pools, gammafunk_ghost_necromancy
D:8:      layout_basic, cheibrodos_ashenzari_chains, serial_shops, shop,
          uniq_erica
D:9:      layout_basic, kennysheep_little_box, hiddenorc2_lemuel,
          enter_bailey_2, minmay_misc_feat_chi,
          eino_small_chamber_without_monster, uniq_pikel, uniq_psyche
Temple:   hc_temple_tempest_star
Bailey:   bailey_polearm_1, bailey

Skill      XL: |  1  2  3  4  5  6  7  8  9 10 |
---------------+-------------------------------+-----
Shields        | 4 5 |  5.0
Fighting       | 4 5 |  5.0
Maces & Flails | 3 5 7 10 12 13 | 13.3
Armour         | |  3.5

Action                   |  1- 3 |  4- 6 |  7- 9 | 10-12 || total
-------------------------+-------+-------+-------+-------++-------
Melee: Flail             |   108 |   124 |   623 |    40 ||   895
       Whip              |       |       |       |    32 ||    32
       Unarmed           |       |       |       |     3 ||     3
Throw: Dart              |       |       |     9 |       ||     9
       Throwing net      |       |       |     1 |       ||     1
Invok: Heroism           |       |       |       |     1 ||     1
  Use: Scroll            |       |     6 |     2 |       ||     8
Armor: Scale mail        |    81 |    78 |   139 |       ||   298
       Chain mail        |       |       |   220 |    56 ||   276
       Skin              |       |       |       |     1 ||     1
Dodge: Dodged            |    45 |    47 |   157 |    24 ||   273
Block: Kite shield       |    64 |    47 |   348 |    62 ||   521
